[Event "POL-chT 1 Liga 2019"]
[Site "Dzwirzyno"]
[Date "2019.09.10"]
[Round "4.5"]
[White "Tomaszewski, Roman"]
[Black "Kucza, Karol"]
[Result "1/2-1/2"]
[ECO "D02"]
[WhiteElo "2195"]
[BlackElo "2280"]
[Annotator "NA"]
[PlyCount "47"]
[EventDate "2019.09.07"]
[EventType "team-tourn"]
[EventCountry "POL"]
[SourceTitle "playchess.com"]
[Source "ChessBase"]
[SourceQuality "1"]
[TimeControl "40/5400+30:1800+30"]

1. d4 d5 2. Nf3 Nf6 3. Bf4 c5 4. e3 Nc6 5. c3 Qb6 6. Qc1 Bf5 7. Nbd2 Rc8 8. dxc5 Qxc5 9. Nb3 Qb6 10. Nbd4 Nxd4 11. Nxd4 Bd7 12. Be2 e6 13. O-O Bd6 14. Bxd6 Qxd6 15. Qd1 O-O 16. Qb3 Ne4 17. Rfd1 Qc7 18. Bb5 Bxb5 19. Nxb5 Qb6 20. Nd4 Qxb3 21. axb3 a6 22. b4 Nd6 23. Nb3 Rc7 24. Ra2 1/2-1/2

[Event "POL-chT 1 Liga 2019"]
[Site "Dzwirzyno"]
[Date "2019.09.10"]
[Round "4.6"]
[White "Kantane, Anna"]
[Black "Lach, Aleksandra"]
[Result "1/2-1/2"]
[ECO "C00"]
[WhiteElo "2273"]
[BlackElo "2173"]
[Annotator "NA"]
[PlyCount "43"]
[EventDate "2019.09.07"]
[EventType "team-tourn"]
[EventCountry "POL"]
[SourceTitle "playchess.com"]
[Source "ChessBase"]
[SourceQuality "1"]
[TimeControl "40/5400+30:1800+30"]

1. e4 e6 2. c4 d5 3. cxd5 exd5 4. exd5 Nf6 5. Nc3 Nxd5 6. Nf3 Nxc3 7. bxc3 Be7 8. d4 c6 9. Bd3 Nd7 10. O-O Nf6 11. Re1 O-O 12. Rb1 h6 13. Bc2 Bd6 14. Qd3 Re8 15. Rxe8+ Qxe8 16. Bd2 b5 17. Re1 Qd8 18. Ne5 Bxe5 19. Rxe5 Be6 20. Bb1 Rc8 21. Re3 Qd5 22. Re5 1/2-1/2

[Event "POL-chT 1 Liga 2019"]
[Site "Dzwirzyno"]
[Date "2019.09.10"]
[Round "4.8"]
[White "Flis, Pawel"]
[Black "Godzwon, Iwo"]
[Result "0-1"]
[ECO "B23"]
[WhiteElo "1897"]
[BlackElo "2265"]
[Annotator "NA"]
[PlyCount "116"]
[EventDate "2019.09.07"]
[EventType "team-tourn"]
[EventCountry "POL"]
[SourceTitle "playchess.com"]
[Source "ChessBase"]
[SourceQuality "1"]
[TimeControl "40/5400+30:1800+30"]

1. e4 c5 2. Nc3 e6 3. g3 Nc6 4. Bg2 Nf6 5. d3 Be7 6. Nge2 O-O 7. O-O Rb8 8. a4 a6 9. f4 d5 10. e5 Nd7 11. Kh1 b5 12. axb5 axb5 13. d4 b4 14. Nb1 cxd4 15. Nxd4 Nxd4 16. Qxd4 Qc7 17. Qd1 Qb6 18. Nd2 Ba6 19. Re1 Bc5 20. Nf1 Ra8 21. Bd2 Rfc8 22. Qg4 Bd4 23. c3 bxc3 24. bxc3 Bxc3 25. Bxc3 Rxc3 26. f5 exf5 27. Qxf5 Qe6 28. Bh3 Qxf5 29. Bxf5 Nc5 30. e6 fxe6 31. Bxe6+ Nxe6 32. Rxe6 Rf3 33. Nd2 Rf2 34. Nb3 Rf1+ 35. Rxf1 Bxf1 36. Re7 Bh3 37. Kg1 Ra2 38. Re1 Rg2+ 39. Kh1 Rb2 40. Nd4 Rd2 41. Nb3 Ra2 42. Kg1 Kf7 43. Nd4 Rg2+ 44. Kh1 Rd2 45. Ne2 Bg4 46. Rf1+ Ke7 47. Nc3 Bh3 48. Rd1 Rxd1+ 49. Nxd1 Ke6 50. Kg1 Ke5 51. Kf2 Be6 52. Ke3 d4+ 53. Kd2 Ke4 54. Nf2+ Kf3 55. Nd3 Bf5 56. Ne5+ Kg2 57. Nc6 Kxh2 58. Nxd4 Bg4 0-1

[Event "POL-chT 1 Liga 2019"]
[Site "Dzwirzyno"]
[Date "2019.09.10"]
[Round "4.9"]
[White "Tofil, Borys"]
[Black "Szmacinski, Slawomir"]
[Result "0-1"]
[ECO "D01"]
[WhiteElo "2202"]
[BlackElo "1848"]
[Annotator "NA"]
[PlyCount "138"]
[EventDate "2019.09.07"]
[EventType "team-tourn"]
[EventCountry "POL"]
[SourceTitle "playchess.com"]
[Source "ChessBase"]
[SourceQuality "1"]
[TimeControl "40/5400+30:1800+30"]

1. d4 Nf6 2. Nc3 d5 3. Bg5 Nbd7 4. Nf3 e6 5. e3 Be7 6. Bd3 h6 7. Bh4 O-O 8. Ne2 c5 9. c3 a6 10. O-O g5 11. Bg3 Ne4 12. Nd2 f5 13. Nxe4 dxe4 14. Bc4 Nb6 15. Bb3 c4 16. Bc2 Nd5 17. Be5 Bd7 18. Qd2 Bc6 19. f3 exf3 20. gxf3 Nf6 21. Ng3 Nd7 22. f4 Nxe5 23. fxe5 g4 24. Ne2 Bg5 25. Nf4 Bxf4 26. Rxf4 Qg5 27. Raf1 Kg7 28. Qe2 h5 29. b3 b5 30. bxc4 bxc4 31. a4 Bd5 32. Qf2 Bf3 33. Bd1 Bd5 34. Bc2 Bf3 35. Bd1 Bd5 36. h4 gxh3+ 37. Kh2 Qg2+ 38. Qxg2+ hxg2 39. Rg1 Rab8 40. Bf3 Bxf3 41. Rxf3 Rb2 42. Rg3+ Kf7 43. R1xg2 Rxg2+ 44. Kxg2 Rb8 45. Rg5 Rb3 46. Rxh5 Rxc3 47. Rh7+ Ke8 48. Ra7 Rxe3 49. Rxa6 Ke7 50. Rc6 c3 51. a5 Rd3 52. a6 Rd2+ 53. Kf3 Ra2 54. Ke3 c2 55. Kd2 Kf7 56. Rc7+ Kg6 57. a7 f4 58. Re7 Kf5 59. a8=Q Rxa8 60. Kxc2 Ra3 61. Kd2 f3 62. Rh7 Kf4 63. Rh4+ Kg3 64. Rh6 Ra2+ 65. Ke3 Ra3+ 66. Kd2 f2 67. Rg6+ Kf3 68. Rf6+ Kg2 69. d5 exd5 0-1

[Event "POL-chT 1 Liga 2019"]
[Site "Dzwirzyno"]
[Date "2019.09.10"]
[Round "4.10"]
[White "Redlich, Bogdan"]
[Black "Kowalski, Maciej"]
[Result "1/2-1/2"]
[ECO "D02"]
[WhiteElo "1600"]
[BlackElo "2095"]
[Annotator "NA"]
[PlyCount "64"]
[EventDate "2019.09.07"]
[EventType "team-tourn"]
[EventCountry "POL"]
[SourceTitle "playchess.com"]
[Source "ChessBase"]
[SourceQuality "1"]
[TimeControl "40/5400+30:1800+30"]

1. d4 Nf6 2. Nf3 d5 3. Bf4 e6 4. e3 Bd6 5. Bg3 O-O 6. Bd3 c5 7. c3 Nc6 8. Nbd2 b6 9. O-O Bb7 10. Ne5 Ne7 11. h3 Nf5 12. Bh2 Qc7 13. g4 Ne7 14. f4 Ne4 15. Qc2 f6 16. Nxe4 dxe4 17. Bxe4 Bxe4 18. Qxe4 cxd4 19. exd4 fxe5 20. fxe5 Ba3 21. bxa3 Qxc3 22. Rac1 Qxh3 23. Rf6 gxf6 24. exf6 Nd5 25. Qxe6+ Rf7 26. Rc8+ Rxc8 27. Qxc8+ Rf8 28. Qe6+ Kh8 29. f7 Rxf7 30. Be5+ Kg8 31. Qe8+ Rf8 32. Qe6+ Rf7 1/2-1/2

[Event "POL-chT 1 Liga 2019"]
[Site "Dzwirzyno"]
[Date "2019.09.10"]
[Round "4.11"]
[White "Rogala, Milosz"]
[Black "Kelm, Robert"]
[Result "1-0"]
[ECO "B56"]
[WhiteElo "1788"]
[BlackElo "1585"]
[Annotator "NA"]
[PlyCount "71"]
[EventDate "2019.09.07"]
[EventType "team-tourn"]
[EventCountry "POL"]
[SourceTitle "playchess.com"]
[Source "ChessBase"]
[SourceQuality "1"]
[TimeControl "40/5400+30:1800+30"]

1. e4 c5 2. Nf3 d6 3. d4 cxd4 4. Nxd4 Nf6 5. Nc3 Nc6 6. f3 a6 7. Be3 e6 8. Bc4 Qc7 9. Bb3 Bd7 10. Qd2 Ne5 11. O-O-O b5 12. Bg5 Nc4 13. Bxc4 Qxc4 14. Nb3 h6 15. Bh4 b4 16. Ne2 a5 17. Kb1 Qc7 18. Qd3 Rb8 19. Ned4 Nh5 20. g4 Nf4 21. Qd2 Ng6 22. Bg3 Ne5 23. Qe2 Nc4 24. Rhe1 a4 25. Nd2 Nxb2 26. Kxb2 Qc3+ 27. Kb1 Qxd4 28. Nc4 Qc3 29. Bxd6 Rc8 30. Bxf8 Rxf8 31. Nd6+ Kd8 32. Rd3 Qe5 33. f4 Qxf4 34. Nxc8 Kxc8 35. Rd4 Qb8 36. Qa6+ 1-0

[Event "POL-chT 1 Liga 2019"]
[Site "Dzwirzyno"]
[Date "2019.09.10"]
[Round "4.12"]
[White "Miturova, Magdalena"]
[Black "Gosciniak, Maria"]
[Result "1/2-1/2"]
[ECO "A39"]
[WhiteElo "2219"]
[BlackElo "2132"]
[Annotator "NA"]
[PlyCount "59"]
[EventDate "2019.09.07"]
[EventType "team-tourn"]
[EventCountry "POL"]
[SourceTitle "playchess.com"]
[Source "ChessBase"]
[SourceQuality "1"]
[TimeControl "40/5400+30:1800+30"]

1. Nf3 c5 2. c4 g6 3. Nc3 Bg7 4. g3 Nc6 5. Bg2 Nf6 6. O-O O-O 7. d4 cxd4 8. Nxd4 Nxd4 9. Qxd4 d6 10. Qe3 a6 11. Bd2 Rb8 12. a4 Ng4 13. Qa7 Be6 14. Nd5 Bxd5 15. cxd5 b5 16. Qxa6 Bxb2 17. Ra2 bxa4 18. Qxa4 Nf6 19. Qc2 Bd4 20. e3 Bc5 21. Bc3 Qc7 22. Bd4 Rb5 23. Rc1 Qb6 24. Bf1 Ra5 25. Rb2 Qa7 26. Bc3 Ra3 27. Bg2 Ra8 28. Bb4 Bxb4 29. Rxb4 Ra2 30. Rb2 1/2-1/2

[Event "POL-chT 1 Liga 2019"]
[Site "Dzwirzyno"]
[Date "2019.09.10"]
[Round "4.17"]
[White "Dzierzak, Radoslaw"]
[Black "Rozycki, Bartlomiej"]
[Result "1-0"]
[ECO "A46"]
[WhiteElo "2253"]
[BlackElo "2200"]
[Annotator "NA"]
[PlyCount "118"]
[EventDate "2019.09.07"]
[EventType "team-tourn"]
[EventCountry "POL"]
[SourceTitle "playchess.com"]
[Source "ChessBase"]
[SourceQuality "1"]
[TimeControl "40/5400+30:1800+30"]

1. d4 Nf6 2. Nf3 e6 3. e3 b6 4. Bd3 Bb7 5. O-O Be7 6. c4 d5 7. cxd5 exd5 8. Nc3 O-O 9. b3 c5 10. Bb2 Nc6 11. Ne2 Ne4 12. Rc1 Rc8 13. a3 Bf6 14. Bb1 Qe7 15. Nf4 Rfd8 16. Nh5 Ba6 17. Nxf6+ Qxf6 18. Bd3 Bxd3 19. Qxd3 cxd4 20. Nxd4 Ne5 21. Qe2 Rxc1 22. Rxc1 Nd3 23. Rf1 Nxb2 24. Qxb2 Rc8 25. f3 Nd6 26. Qd2 g6 27. Rc1 Rxc1+ 28. Qxc1 Qe5 29. Nc6 Qg5 30. Qc3 a6 31. Qe5 Qxe5 32. Nxe5 Ne8 33. Kf2 f6 34. Nd7 b5 35. Ke2 Kf7 36. Nc5 a5 37. Kd3 Nd6 38. Kd4 Nf5+ 39. Kxd5 Nxe3+ 40. Kc6 b4 41. a4 Nxg2 42. Kb6 Ke7 43. Kxa5 Kd6 44. Kxb4 Kc6 45. Ne4 f5 46. Nd2 Ne3 47. Kc3 Kd5 48. b4 g5 49. a5 g4 50. Kd3 Nd1 51. b5 gxf3 52. a6 Nb2+ 53. Kc3 Na4+ 54. Kb4 Nb6 55. Nxf3 f4 56. Nd2 Na8 57. Ka5 Kc5 58. Ne4+ Kd4 59. b6 Kxe4 1-0

[Event "POL-chT 1 Liga 2019"]
[Site "Dzwirzyno"]
[Date "2019.09.10"]
[Round "4.18"]
[White "Moscicka, Pola"]
[Black "Malicka, Maria"]
[Result "1/2-1/2"]
[ECO "C60"]
[WhiteElo "1994"]
[BlackElo "2095"]
[Annotator "NA"]
[PlyCount "78"]
[EventDate "2019.09.07"]
[EventType "team-tourn"]
[EventCountry "POL"]
[SourceTitle "playchess.com"]
[Source "ChessBase"]
[SourceQuality "1"]
[TimeControl "40/5400+30:1800+30"]

1. e4 e5 2. Nf3 Nc6 3. Bb5 g6 4. d3 Bg7 5. O-O Nge7 6. c3 a6 7. Ba4 O-O 8. Re1 d6 9. Nbd2 h6 10. Nf1 f5 11. exf5 Nxf5 12. h3 Kh7 13. Ne3 Nh4 14. Nxh4 Qxh4 15. Rf1 Ne7 16. Bc2 Be6 17. Qe2 Rae8 18. Bb3 d5 19. a4 c6 20. a5 Bd7 21. Ng4 Nf5 22. Be3 h5 23. Nh2 Nxe3 24. fxe3 e4 25. Rxf8 Rxf8 26. dxe4 dxe4 27. Rf1 Qg5 28. Kh1 Rxf1+ 29. Nxf1 Qxa5 30. g4 Qg5 31. Ng3 Qh4 32. Nxe4 Qxh3+ 33. Kg1 Qh4 34. Qf3 Bxg4 35. Qf4 Qe1+ 36. Kg2 Qe2+ 37. Kg1 Qe1+ 38. Kg2 Qe2+ 39. Kg1 Qe1+ 1/2-1/2

[Event "POL-chT 1 Liga 2019"]
[Site "Dzwirzyno"]
[Date "2019.09.10"]
[Round "4.20"]
[White "Lewtak, Damian"]
[Black "Zezulkin, Jurij"]
[Result "1-0"]
[ECO "D83"]
[WhiteElo "2377"]
[BlackElo "2434"]
[Annotator "NA"]
[PlyCount "207"]
[EventDate "2019.09.07"]
[EventType "team-tourn"]
[EventCountry "POL"]
[SourceTitle "playchess.com"]
[Source "ChessBase"]
[SourceQuality "1"]
[TimeControl "40/5400+30:1800+30"]

1. d4 Nf6 2. c4 g6 3. Nc3 d5 4. Bf4 Bg7 5. e3 O-O 6. Rc1 c5 7. dxc5 Qa5 8. cxd5 Ne4 9. Nge2 Na6 10. Qa4 Qxa4 11. Nxa4 Nb4 12. Nec3 Nxc3 13. Nxc3 Bxc3+ 14. Rxc3 Nxd5 15. Rc1 Nxf4 16. exf4 Be6 17. Bc4 Rac8 18. Kd2 Rxc5 19. Bxe6 Rxc1 20. Rxc1 fxe6 21. Rc7 Rxf4 22. f3 Rb4 23. Kc3 Rb6 24. Rxe7 a5 25. Rc7 h5 26. a4 Kf8 27. Rc5 Ra6 28. Kc4 Ke8 29. Kb5 Kd7 30. Rg5 Kc7 31. b3 Rb6+ 32. Kc4 Rc6+ 33. Kd4 Rb6 34. Kc3 Rc6+ 35. Kb2 e5 36. Rxe5 b6 37. Rd5 Re6 38. Kc3 Kc6 39. Rg5 Rd6 40. Kc4 Rf6 41. Kd3 Kd7 42. Ke4 Rc6 43. f4 Rc3 44. Rd5+ Ke7 45. Rb5 Rc2 46. Kf3 Rc3+ 47. Kf2 Rc6 48. Kg3 Kf7 49. Kh4 Kf6 50. h3 Rd6 51. g4 hxg4 52. hxg4 Rc6 53. Kg3 Rc3+ 54. Kf2 Rc6 55. Kf3 Ke6 56. Ke4 Ke7 57. Re5+ Kf7 58. g5 Rc3 59. Rb5 Rc6 60. f5 gxf5+ 61. Rxf5+ Ke7 62. Rf6 Rc5 63. Rxb6 Rxg5 64. Rb5 Rg3 65. Kd4 Kd6 66. Kc4 Rg4+ 67. Kc3 Rg3+ 68. Kb2 Kc6 69. Rxa5 Kb6 70. Ra8 Kb7 71. Rh8 Kb6 72. Rc8 Ka5 73. Rc5+ Kb6 74. Rc3 Rg2+ 75. Ka3 Rg1 76. Kb4 Rg4+ 77. Rc4 Rg5 78. a5+ Ka6 79. Rc6+ Kb7 80. Rc5 Rg3 81. Ka4 Rh3 82. b4 Rh7 83. Kb5 Ka7 84. a6 Rh6 85. Rc7+ Kb8 86. Rc6 Rh7 87. Ka5 Ka7 88. b5 Rh5 89. Rd6 Rg5 90. Rd7+ Kb8 91. Kb6 Rg6+ 92. Kc5 Rg1 93. b6 Rc1+ 94. Kd6 Rd1+ 95. Ke6 Re1+ 96. Kf5 Rf1+ 97. Kg4 Rg1+ 98. Kf3 Rf1+ 99. Ke2 Rf8 100. Ke3 Ka8 101. Ke4 Rh8 102. Kf5 Re8 103. Rf7 Rd8 104. Kg6 1-0

[Event "POL-chT 1 Liga 2019"]
[Site "Dzwirzyno"]
[Date "2019.09.10"]
[Round "4.22"]
[White "Reza, Wojciech"]
[Black "Jaroch, Karol"]
[Result "1/2-1/2"]
[ECO "B54"]
[WhiteElo "2293"]
[BlackElo "2236"]
[Annotator "NA"]
[PlyCount "32"]
[EventDate "2019.09.07"]
[EventType "team-tourn"]
[EventCountry "POL"]
[SourceTitle "playchess.com"]
[Source "ChessBase"]
[SourceQuality "1"]
[TimeControl "40/5400+30:1800+30"]

1. e4 c5 2. Nf3 d6 3. d4 cxd4 4. Nxd4 Nf6 5. f3 a6 6. c4 g6 7. Be3 Bg7 8. Nc3 O-O 9. Be2 Nc6 10. Qd2 Nxd4 11. Bxd4 Be6 12. Rc1 Rc8 13. b3 Qa5 14. Be3 b5 15. Nd5 Qxd2+ 16. Kxd2 Nxd5 1/2-1/2

[Event "POL-chT 1 Liga 2019"]
[Site "Dzwirzyno"]
[Date "2019.09.10"]
[Round "4.23"]
[White "Samborski, Henryk"]
[Black "Renkowski, Piotr"]
[Result "0-1"]
[ECO "C20"]
[WhiteElo "2098"]
[BlackElo "2179"]
[Annotator "NA"]
[PlyCount "100"]
[EventDate "2019.09.07"]
[EventType "team-tourn"]
[EventCountry "POL"]
[SourceTitle "playchess.com"]
[Source "ChessBase"]
[SourceQuality "1"]
[TimeControl "40/5400+30:1800+30"]

1. e4 e5 2. d3 Nc6 3. g3 d6 4. Bg2 Be7 5. Nf3 Bg4 6. h3 Bh5 7. c3 Nf6 8. g4 Bg6 9. Nh4 Nd7 10. Nf5 Bxf5 11. gxf5 Bg5 12. O-O Bxc1 13. Qxc1 g5 14. fxg6 hxg6 15. f4 Qe7 16. b4 O-O-O 17. b5 Ncb8 18. Na3 Nc5 19. Qe3 Ne6 20. fxe5 dxe5 21. Nc4 Nf4 22. d4 Qg5 23. Rxf4 Qxf4 24. Qxf4 exf4 25. e5 Rh4 26. a4 Rdh8 27. a5 Rxh3 28. Bxh3+ Rxh3 29. Rc1 Nd7 30. Kf2 Nf8 31. b6 axb6 32. axb6 Ne6 33. bxc7 Kxc7 34. Nd6 Ng5 35. Rg1 Rf3+ 36. Ke2 Re3+ 37. Kd1 f3 38. Kd2 Re2+ 39. Kd3 Nh3 40. Rf1 Nf4+ 41. Kc4 f2 42. Ne8+ Kc6 43. Nf6 b5+ 44. Kb3 Nd3 45. Ng4 Re1 46. Rxf2 Nxf2 47. Nxf2 g5 48. Ng4 Rg1 49. Nf6 g4 50. c4 bxc4+ 0-1

[Event "POL-chT 1 Liga 2019"]
[Site "Dzwirzyno"]
[Date "2019.09.10"]
[Round "4.24"]
[White "Jablonska, Sabina"]
[Black "Worek, Joanna"]
[Result "1/2-1/2"]
[ECO "B31"]
[WhiteElo "1928"]
[BlackElo "2308"]
[Annotator "NA"]
[PlyCount "89"]
[EventDate "2019.09.07"]
[EventType "team-tourn"]
[EventCountry "POL"]
[SourceTitle "playchess.com"]
[Source "ChessBase"]
[SourceQuality "1"]
[TimeControl "40/5400+30:1800+30"]

1. e4 c5 2. Nf3 Nc6 3. Bb5 g6 4. Bxc6 dxc6 5. O-O Bg7 6. h3 e5 7. d3 Qe7 8. Re1 f6 9. c3 Nh6 10. d4 cxd4 11. cxd4 Nf7 12. Be3 O-O 13. Nbd2 b6 14. Rc1 Bb7 15. Qb3 Kh8 16. a4 Rab8 17. Qc2 exd4 18. Bxd4 c5 19. Bc3 Rbd8 20. Nc4 Qe6 21. b3 Rfe8 22. Ncd2 Ba6 23. Qb2 Bd3 24. b4 Kg8 25. bxc5 bxc5 26. Qa3 Qc6 27. Ba5 Rd7 28. Rxc5 Qa6 29. Bb4 Qb7 30. Rc3 Ba6 31. Bc5 Red8 32. Nf1 Rd1 33. Rc1 R1d3 34. Qb4 Qa8 35. Ne3 Bb7 36. Rc4 Nd6 37. Bxd6 R3xd6 38. Nf1 R6d7 39. Ng3 Qb8 40. Rcc1 h5 41. Nh4 Kh7 42. Qb1 Qf4 43. Nf3 Re8 44. h4 Rde7 45. Rc4 1/2-1/2

[Event "POL-chT 1 Liga 2019"]
[Site "Dzwirzyno"]
[Date "2019.09.10"]
[Round "4.28"]
[White "Nowak, Mikolaj"]
[Black "Bartel, Michal"]
[Result "0-1"]
[ECO "A65"]
[WhiteElo "2262"]
[BlackElo "2291"]
[Annotator "NA"]
[PlyCount "98"]
[EventDate "2019.09.07"]
[EventType "team-tourn"]
[EventCountry "POL"]
[SourceTitle "playchess.com"]
[Source "ChessBase"]
[SourceQuality "1"]
[TimeControl "40/5400+30:1800+30"]

1. d4 Nf6 2. c4 c5 3. d5 e6 4. Nc3 exd5 5. cxd5 d6 6. e4 g6 7. Be2 Bg7 8. Be3 O-O 9. Nf3 Bg4 10. O-O Re8 11. Nd2 Bxe2 12. Qxe2 Nbd7 13. f3 a6 14. a4 Rb8 15. Nc4 Nb6 16. Nxb6 Qxb6 17. a5 Qd8 18. Kh1 Nd7 19. Bf4 Ne5 20. Nd1 f5 21. exf5 gxf5 22. Qc2 Qf6 23. Nf2 Ng6 24. Bc1 Qd4 25. Qd1 Qxd1 26. Rxd1 Re2 27. Nh3 Rbe8 28. Ng1 Rf2 29. Ra3 c4 30. Ra4 Rc2 31. Rb4 f4 32. Rxb7 Bd4 33. b3 c3 34. Rc7 Re5 35. Ba3 Rxd5 36. Bb4 Rd2 37. Rf1 Be3 38. Rxc3 Rd1 39. Rc8+ Kf7 40. Rc7+ Ke6 41. Be1 Rb1 42. Rc2 Rdd1 43. Re2 d5 44. Nh3 d4 45. g3 Kf5 46. Nf2 Bxf2 47. Rfxf2 Rxe1+ 48. Kg2 Rg1+ 49. Kh3 fxg3 0-1

[Event "POL-chT 1 Liga 2019"]
[Site "Dzwirzyno"]
[Date "2019.09.10"]
[Round "4.29"]
[White "Sliwerski, Radoslaw"]
[Black "Tomaszewski, Kacper"]
[Result "1/2-1/2"]
[ECO "A56"]
[WhiteElo "2078"]
[BlackElo "2363"]
[Annotator "NA"]
[PlyCount "59"]
[EventDate "2019.09.07"]
[EventType "team-tourn"]
[EventCountry "POL"]
[SourceTitle "playchess.com"]
[Source "ChessBase"]
[SourceQuality "1"]
[TimeControl "40/5400+30:1800+30"]

1. d4 Nf6 2. c4 c5 3. Nf3 cxd4 4. Nxd4 e5 5. Nb5 d5 6. cxd5 Bc5 7. N5c3 O-O 8. g3 Ng4 9. e3 f5 10. h3 Nf6 11. a3 e4 12. b4 Bd6 13. Nd2 Be5 14. Bb2 Bxc3 15. Bxc3 Nxd5 16. Bc4 Be6 17. Nb3 Nf4 18. Bxe6+ Nxe6 19. Qxd8 Rxd8 20. Rd1 Nc6 21. Ke2 Kf7 22. h4 g6 23. f3 exf3+ 24. Kxf3 Ne7 25. e4 Rac8 26. Be5 fxe4+ 27. Kxe4 Rc4+ 28. Kf3 Nc6 29. Ba1 Ncd4+ 30. Ke4 1/2-1/2